Map: Blackburn LE

Players

Astrea

  • Race: Protoss Protoss

MaSa - Winner!

  • Race: Terran Terran

Event: DreamHack SC2 Masters 2021 Fall

VOD

Have the link to the VOD?

Description

Time

  • Played on: Aug. 14, 2021, 3:17 p.m.
  • Length: 15:23

All games in this series

Show
View Real Time Build Order
Export as new Build Order

Astrea Protoss 

Build Orders: Phoenix Opening, Colossus Rush 

Get SALT Encoding   

  12  0:00  Probe  
  13  0:12  Probe  
  14  0:16  Pylon  
  14  0:24  Probe (Chrono Boost)  
  15  0:36  Gateway, Probe (Chrono Boost)  
  16  0:43  Probe (Chrono Boost)  
  16  0:45  Assimilator  
  17  0:51  Probe  
  17  0:54  Assimilator  
  18  1:03  Probe (Chrono Boost)  
  19  1:06  Pylon  
  20  1:12  Probe (Chrono Boost)  
  20  1:17  Probe (Chrono Boost)  
  20  1:23  Cybernetics Core  
  21  1:29  Probe  
  24  1:41  Probe  
  25  1:53  Nexus  
  23  1:54  Probe  
  23  1:59  Sentry (Chrono Boost)  
  26  2:02  Warp Gate  
  26  2:07  Probe  
  27  2:12  Pylon  
  27  2:18  Sentry (Chrono Boost)  
  27  2:19  Probe  
  30  2:28  Robotics Facility  
  30  2:31  Phoenix, Probe  
  31  2:42  Stalker  
  31  2:43  Probe  
  34  2:56  Probe (Chrono Boost)  
  34  2:57  Gateway  
  35  3:04  Probe (Chrono Boost)  
  36  3:12  Stalker  
  39  3:13  Probe (Chrono Boost)  
  39  3:14  Probe (Chrono Boost)  
  39  3:16  Phoenix  
  39  3:19  Observer, Probe x2 (Chrono Boost)  
  43  3:31  Probe x2  
  45  3:41  Observer  
  46  3:43  Probe x2  
  46  3:44  Nexus  
  48  3:50  Stalker  
  48  3:54  Pylon  
  48  3:55  Probe x2  
  52  4:07  Probe  
  52  4:08  Probe  
  54  4:12  Immortal  
  58  4:17  Pylon  
  58  4:19  Probe  
  58  4:20  Probe  
  60  4:24  Stalker  
  60  4:30  Assimilator x2  
  62  4:35  Probe x2  
  64  4:40  Stalker  
  64  4:43  Observer  
  64  4:44  Robotics Bay  
  66  4:48  Probe x2  
  68  4:56  Probe (Chrono Boost)  
  68  4:57  Stalker  
  68  4:59  Pylon  
  71  5:00  Probe x2 (Chrono Boost)  
  74  5:08  Observer, Probe (Chrono Boost)  
  74  5:10  Probe x2 (Chrono Boost)  
  74  5:11  Forge  
  74  5:12  Twilight Council  
  74  5:13  Observer, Probe (Chrono Boost)  
  76  5:15  Probe x2 (Chrono Boost)  
  78  5:22  Stalker, Probe  
  78  5:23  Stalker  
  78  5:26  Probe x2  
  85  5:33  Pylon, Colossus (Chrono Boost)  
  85  5:38  Probe  
  85  5:39  Protoss Ground Weapons Level 1 (Chrono Boost)  
  93  5:47  Probe  
  93  5:50  Charge  
  93  5:56  Gateway  
  93  5:57  Gateway  
  93  5:59  Gateway  
  93  6:00  Gateway  
  93  6:01  Gateway  
  93  6:03  Gateway  
  93  6:17  Probe  
  93  6:18  Stalker x2  
  95  6:19  Colossus (Chrono Boost)  
  95  6:20  Colossus (Chrono Boost)  
  101  6:28  Pylon  
  101  6:31  Templar Archives, Probe x2  
  101  6:35  Assimilator  
  101  6:41  Pylon  
  101  6:42  Pylon  
  101  6:46  Stargate  
  101  6:49  Probe (Chrono Boost)  
  100  6:59  Probe (Chrono Boost)  
  100  7:00  Zealot x5  
  110  7:04  Zealot x2, Warp Prism (Chrono Boost)  
  114  7:23  Templar Archives  
  114  7:25  Assimilator, Observer  
  114  7:28  Protoss Ground Weapons Level 2 (Chrono Boost), Zealot x5  
  124  7:40  Phoenix (Chrono Boost)  
  124  7:41  Pylon  
  124  7:43  Pylon  
  125  7:50  Blink  
  125  7:59  Probe x3  
  128  8:11  Probe  
  129  8:18  High Templar x4, Zealot x2  
  141  8:23  Pylon  
  141  8:24  Archon x2  
  141  8:25  Pylon  
  141  8:31  Pylon  
  141  8:40  Colossus (Chrono Boost)  
  147  8:42  Zealot x2  
  147  8:43  Zealot x2  
  153  8:50  Zealot x4  
  125  9:04  Forge  
  125  9:07  Nexus  
  125  9:08  Probe  
  112  9:13  Probe  
  93  9:17  Probe  
  93  9:20  Probe  
  93  9:21  Sentry, High Templar x2  
  93  9:22  Zealot x3  
  107  9:26  Colossus (Chrono Boost)  
  107  9:31  Archon  
  106  9:36  Probe  
  106  9:37  Probe x2  
  105  9:44  High Templar x4  
  105  9:45  Zealot x2  
  115  9:49  Archon, Probe x3  
  115  9:50  Archon  
  117  10:01  Zealot x2, Probe x3  
  123  10:17  Zealot x6  
  102  10:30  Stalker x2  
  104  10:37  Stalker x6  
  116  10:45  Pylon  
  98  10:52  Observer  
  98  10:53  Colossus (Chrono Boost)  
  98  10:59  Nexus  
  98  11:01  Protoss Ground Weapons Level 3 (Chrono Boost)  
  98  11:03  Pylon  
  98  11:07  Sentry  
  98  11:08  High Templar x2  
  104  11:12  Archon  
  104  11:19  Zealot x4  
  104  11:21  Zealot  
  114  11:31  Stalker  
  116  11:34  Colossus (Chrono Boost)  
  116  11:39  Pylon  
  119  11:49  High Templar x2, Stalker x3  
  119  11:53  Protoss Ground Armor Level 1 (Chrono Boost), Archon  
  129  11:54  Nexus  
  119  12:04  Zealot x3  
  109  12:23  High Templar x2, Zealot x3  
  109  12:27  Zealot x3  
  109  12:28  Archon  
  125  12:33  Extended Thermal Lance  
  122  12:47  Zealot x3  
  114  12:53  Stalker x3  
  115  12:58  Stalker  
  115  12:59  Stalker  
  115  13:00  Probe x3  
  116  13:08  Zealot x3  
  112  13:20  Stalker x2  
  112  13:21  Stalker x2  
  106  13:40  Stalker x4  
  80  13:54  Zealot x4  
  88  14:03  Observer  
  86  14:15  High Templar  
  86  14:16  Nexus, Sentry x2, High Templar x2  
  86  14:17  High Templar  
  98  14:20  Archon  
  98  14:21  Archon  
  98  14:22  High Templar x2  
  102  14:27  Disruptor (Chrono Boost)  
  102  14:30  Archon  
  103  14:45  Zealot x2  
Show
View Real Time Build Order
Export as new Build Order

MaSa Terran - Winner!

Build Orders: Liberator Opening 

Get SALT Encoding   

  12  0:02  SCV  
  14  0:14  SCV  
  14  0:18  Supply Depot  
  14  0:26  SCV  
  15  0:40  SCV  
  15  0:41  Barracks  
  16  0:47  Refinery  
  16  0:52  SCV  
  17  1:04  SCV  
  18  1:16  SCV  
  19  1:28  Marine, Orbital Command  
  20  1:40  Command Center  
  20  1:47  Marine  
  21  1:56  SCV  
  21  1:59  Supply Depot  
  22  2:05  Barracks Reactor  
  22  2:08  SCV  
  22  2:10  Refinery  
  23  2:20  SCV  
  24  2:24  Factory  
  24  2:33  SCV  
  25  2:45  SCV  
  25  2:46  Marine x2  
  28  2:52  Orbital Command  
  28  2:56  Bunker  
  28  2:57  SCV  
  29  3:04  Marine x2  
  31  3:08  Widow Mine, Starport  
  31  3:11  SCV  
  34  3:18  SCV  
  35  3:22  Marine x2  
  35  3:23  SCV  
  38  3:29  Supply Depot  
  38  3:30  SCV  
  38  3:31  Widow Mine  
  41  3:38  SCV  
  42  3:42  SCV  
  42  3:45  Liberator  
  46  3:51  SCV  
  46  3:53  Factory Tech Lab  
  46  3:55  SCV  
  48  3:58  Refinery  
  48  3:59  Fusion Core  
  48  4:03  SCV  
  48  4:07  SCV  
  50  4:11  Supply Depot  
  50  4:15  SCV  
  51  4:19  SCV  
  51  4:23  Command Center  
  52  4:27  SCV  
  53  4:32  Marine, Liberator  
  53  4:36  Supply Depot  
  53  4:38  Refinery, SCV  
  57  4:41  SCV  
  59  4:48  Advanced Ballistics  
  59  4:50  SCV  
  60  4:53  SCV  
  60  4:54  Barracks  
  61  5:02  Barracks  
  61  5:03  Siege Tank  
  61  5:04  SCV  
  61  5:06  SCV  
  65  5:16  SCV  
  65  5:17  Starport Reactor  
  65  5:18  Supply Depot, Barracks Tech Lab, SCV  
  67  5:22  Supply Depot  
  67  5:27  Engineering Bay  
  68  5:28  SCV, Engineering Bay  
  68  5:30  SCV  
  69  5:38  Barracks  
  69  5:39  Marine, Stimpack  
  69  5:41  SCV  
  71  5:46  Orbital Command  
  71  5:47  SCV  
  71  5:49  Barracks Tech Lab  
  72  5:50  Marine  
  72  5:52  Marine  
  72  5:55  SCV  
  78  5:57  Siege Tank  
  78  6:00  Terran Infantry Weapons Level 1  
  78  6:03  Terran Infantry Armor Level 1  
  78  6:05  Marauder  
  80  6:12  SCV  
  80  6:18  SCV  
  79  6:19  Marine x2  
  79  6:20  Medivac, Marauder  
  79  6:22  Orbital Command  
  79  6:25  Medivac  
  87  6:28  SCV  
  87  6:29  Barracks Tech Lab, Siege Tank  
  87  6:31  Marauder  
  87  6:32  SCV, Supply Depot  
  94  6:40  SCV  
  94  6:41  Barracks  
  94  6:43  Marine  
  94  6:44  Marine, Marauder  
  94  6:45  SCV  
  100  6:50  SCV  
  100  6:54  Missile Turret  
  101  6:56  Medivac  
  101  6:59  Supply Depot  
  101  7:00  Medivac  
  101  7:01  Marauder  
  107  7:02  SCV  
  108  7:08  SCV  
  108  7:13  SCV, Supply Depot  
  108  7:14  Supply Depot, Marauder x2  
  108  7:15  Marine x2  
  114  7:21  Starport  
  116  7:24  SCV x2, Supply Depot  
  116  7:25  SCV  
  116  7:28  Refinery  
  119  7:31  Armory  
  119  7:32  Bunker  
  119  7:36  SCV x2, Marauder x2  
  125  7:38  SCV, Marauder  
  125  7:39  Marine  
  125  7:40  Barracks Reactor  
  129  7:46  Missile Turret  
  129  7:47  Liberator  
  129  7:48  SCV x2  
  134  7:52  SCV  
  135  7:58  Combat Shield  
  135  7:59  Concussive Shells  
  135  8:00  Marauder x2  
  135  8:03  Marine x2, Marauder  
  143  8:07  SCV x2, Starport Reactor  
  143  8:08  SCV  
  143  8:16  Refinery  
  143  8:17  Supply Depot  
  143  8:18  Supply Depot, Liberator  
  146  8:20  Supply Depot  
  146  8:21  Marauder  
  146  8:23  Marine  
  146  8:24  Missile Turret  
  149  8:38  Marine x4  
  149  8:39  Marauder  
  149  8:40  Liberator  
  157  8:41  Marine  
  157  8:43  Marauder  
  157  8:47  SCV x2  
  141  8:56  Marine x3, Marauder  
  141  8:59  Marine  
  141  9:00  Marauder, Liberator  
  141  9:01  SCV x2  
  132  9:04  Marine  
  132  9:08  SCV  
  119  9:13  SCV  
  119  9:14  Marine x3, SCV, Terran Infantry Weapons Level 2  
  119  9:17  Marine  
  112  9:18  Marauder  
  112  9:21  SCV, Marauder  
  112  9:22  Marine  
  119  9:25  SCV  
  119  9:26  SCV  
  118  9:35  SCV  
  118  9:38  SCV  
  120  9:39  Supply Depot  
  120  9:42  Marine x4, Supply Depot, Marauder  
  120  9:43  Command Center  
  126  9:46  Marine, Marauder  
  126  9:49  SCV  
  126  9:51  SCV  
  126  9:52  SCV  
  132  9:56  Terran Infantry Armor Level 2  
  129  10:00  Marine  
  129  10:01  SCV  
  129  10:04  Marauder  
  129  10:06  Marine x2  
  137  10:07  Marauder  
  137  10:08  SCV x2  
  138  10:14  Marine  
  138  10:15  Marauder  
  138  10:16  SCV  
  138  10:18  Marine  
  138  10:20  SCV  
  138  10:21  SCV  
  143  10:24  Marine x2  
  143  10:25  Marauder  
  136  10:28  Marauder  
  136  10:29  SCV  
  136  10:32  Marine, SCV, Medivac  
  141  10:36  Marine, SCV  
  141  10:41  SCV  
  144  10:44  SCV  
  144  10:47  Marine x3, Marauder  
  129  10:50  Marine, Marauder  
  129  10:51  Medivac x2  
  115  10:57  Medivac  
  115  10:58  Marauder  
  115  11:02  Medivac  
  121  11:05  Marine x3  
  121  11:07  Barracks  
  121  11:08  Marine, SCV, Marauder  
  121  11:10  Marine  
  129  11:15  Sensor Tower  
  129  11:21  Liberator x2  
  129  11:22  Orbital Command  
  129  11:23  Barracks  
  129  11:24  Marine, Barracks  
  129  11:25  Marauder  
  138  11:32  Marine x2, Marauder  
  142  11:35  Marine, Marauder, Liberator  
  148  11:42  Marine  
  148  11:45  Marine  
  148  11:46  Liberator  
  152  11:49  Marine  
  152  11:50  Marine  
  152  11:52  Terran Ship Weapons Level 1  
  152  11:53  Marine, SCV x4  
  152  11:54  Marauder  
  161  11:55  Barracks Reactor  
  161  11:56  Marine  
  161  12:00  Marine  
  157  12:04  Marauder  
  157  12:07  Marine x2  
  153  12:10  Marine  
  153  12:13  Liberator x2  
  153  12:14  Marine  
  153  12:15  Marauder  
  159  12:18  Marine, Liberator  
  164  12:23  Missile Turret  
  164  12:25  Marauder  
  164  12:29  Liberator  
  169  12:30  Marine x3  
  169  12:31  Barracks Tech Lab  
  169  12:33  Terran Infantry Armor Level 3, Marauder  
  169  12:34  SCV x3  
  169  12:36  Marauder  
  178  12:43  Marine  
  174  12:45  Command Center  
  174  12:47  Marauder  
  174  12:50  Marauder  
  171  12:54  Marine, Marauder  
  171  12:55  SCV  
  171  12:57  Marauder  
  173  13:00  SCV x2  
  173  13:04  Marine x3  
  172  13:08  Marauder  
  174  13:19  Marine x4, Marauder x2  
  167  13:20  Liberator  
  167  13:26  Refinery  
  165  13:30  Liberator x2  
  162  13:38  Marine x3  
  162  13:39  Marine x3, Marauder  
  157  13:42  SCV  
  157  13:43  SCV, Medivac  
  152  13:48  Marine  
  151  13:56  Ghost Academy  
  151  14:02  Marine x2  
  153  14:03  Marine, Supply Depot, Medivac, Marauder  
  153  14:07  Missile Turret  
  153  14:13  SCV x2, Medivac x2  
  159  14:17  Marine x3, Barracks Tech Lab  
  159  14:18  Marauder x2  
  166  14:29  Marine x3, Marauder  
  166  14:31  Planetary Fortress, Marauder  
  173  14:35  Missile Turret  
  173  14:38  Marauder  
  172  14:39  Marauder x2  
  172  14:44  Marine x3  
  178  14:47  Marine x2  
  178  14:51  Marauder  
  178  14:52  Marine, Marauder  
  178  14:53  SCV  
  178  14:59  Marauder  
  178  15:00  Marine  
  178  15:01  Marauder  
  178  15:02  Marine  

Tags
 
Add a new tag
Caveats
  • Supply blocks, unpowered buildings, or Contaminate may cause inaccurate times.
  • Supply counts are checked every 10 seconds.